 Dungeon Crawl Stone Soup version 0.30-a0-989-g0d87f670db (webtiles) character file.

Game seed: 8452275664646760782

8145 Dirtsage the Cleaver (level 11, -8/78 HPs)
             Began as a Demonspawn Berserker on Apr 3, 2023.
             Was an Elder of Trog.
             Mangled by an orc knight
             ... wielding a +0 bardiche
              (42 damage)
             ... in a bailey.
             The game lasted 00:14:57 (9267 turns).

Dirtsage the Cleaver (Demonspawn Berserker)         Turns: 9267, Time: 00:14:57

Health: -8/78      AC: 15    Str: 21    XL:     11   Next: 6%
Magic:  11/11      EV:  6    Int:  9    God:    Trog [****..]
Gold:   688        SH: 14    Dex: 13    Spells: 10/10 levels left

rFire   . . .      SeeInvis .    a - +4 hand axe (freeze)
rCold   . . .      Faith    .    j - +0 kite shield
rNeg    . . .      Spirit   .    s - +0 chain mail
rPois   .          Reflect  +    (helmet unavailable)
rElec   .          Rampage  .    f - +0 cloak
rCorr   .                        b - +1 pair of gloves
Will    +....                    E - +0 pair of boots Stlth
                                 o - amulet of reflection
HPRegen 0.33/turn                x - +4 ring of slaying
MPRegen 0.12/turn                n - ring of willpower

@: on berserk cooldown, slowed, very slow
A: horns 3, icy blue scales 2, demonic guardian 2, powered by death 1
a: Renounce Religion, Berserk, Trog's Hand, Brothers in Arms


You were in a bailey.
You worshipped Trog.
Trog was greatly pleased with you.
You visited 1 branch of the dungeon, and saw 10 of its levels.
You also visited: Bailey.

You collected 730 gold pieces.
You spent 42 gold pieces at shops.

Inventory:

Hand Weapons
 a - a +4 hand axe of freezing (weapon)
 M - a +3 flail
 O - a +0 war axe
Missiles
 N - 2 throwing nets (quivered)
Armour
 b - a +1 pair of gloves (worn)
 f - a +0 cloak (worn)
 j - a +0 kite shield (worn)
 s - a +0 chain mail (worn)
 E - a +0 pair of boots (worn)
Jewellery
 n - a ring of willpower (right hand)
 o - an amulet of reflection (around neck)
 x - a +4 ring of slaying (left hand)
 I - a ring of protection from cold
 K - the amulet "Koekilef" {Acrobat rF- Int+2 SInv Stlth+}
   (You found it on level 9 of the Dungeon)

   [amulet of the acrobat]

   It increases your evasion while moving and waiting.
   Int:       It affects your intelligence (+2).
   rF:        It makes you vulnerable to fire.
   SInv:      It lets you see invisible.
   Stlth:     It makes you more stealthy.
Wands
 d - a wand of roots (8)
 G - a wand of charming (3)
 H - a wand of polymorph (8)
Scrolls
 c - 3 scrolls of immolation
 g - 2 scrolls of fear
 h - 4 scrolls of amnesia
 i - 2 scrolls of identify
 m - 2 scrolls of poison
 t - a scroll of teleportation
 u - a scroll of noise
 v - a scroll of enchant armour
 w - 4 scrolls of vulnerability
 B - 3 scrolls of blinking
 C - 4 scrolls of enchant weapon
 L - a scroll of magic mapping {unknown}
Potions
 e - 3 potions of flight
 k - 4 potions of lignification {unknown}
 l - 3 potions of heal wounds
 p - a potion of ambrosia
 q - 4 potions of curing
 r - 2 potions of invisibility
 y - 3 potions of might {unknown}
 z - a potion of attraction {unknown}
 A - a potion of degeneration {unknown}
 D - a potion of magic {unknown}
 F - 2 potions of brilliance
 J - a potion of berserk rage
 P - 2 potions of mutation {unknown}
 Q - 2 potions of haste {unknown}
 R - 2 potions of resistance {unknown}


   Skills:
 + Level 4.4 Fighting
 + Level 14.8 Axes
 - Level 1.7 Armour
 - Level 1.7 Dodging
 * Level 4.1 Shields


You had 10 spell levels left.
You didn't know any spells.
Your spell library contained the following spells:

 Spells                   Type           Power      Damage    Failure   Level
 Gell's Gravitas          Tloc           0%         N/A       100%        3
 Ignite Poison            Fire/Tmut/Pois 0%         N/A       100%        3
 Kindle Blastsparks       Fire/Tloc/Air  0%         2d10      100%        3
 Portal Projectile        Hex/Tloc       0%         N/A       100%        3
 Teleport Other           Tloc           0%         N/A       100%        3
 Tukima's Dance           Hex            0%         N/A       100%        3
 Blade Hands              Tmut           0%         N/A       100%        5
 Freezing Cloud           Conj/Ice/Air   0%         6-21      100%        5
 Dispersal                Tloc           0%         N/A       100%        6


Dungeon Overview and Level Annotations

Branches:
Dungeon (10/15)            Temple (0/1) D:7            Lair (0/5) D:10
 Bailey (1/1)
    Orc: D:9-12

Altars:
Ashenzari
Uskayaw
Vehumet

Shops:
D:3 *


Innate Abilities, Weirdness & Mutations

You have a pair of large horns on your head.
You are mostly covered in icy blue scales. (AC +3)
A demonic guardian rushes to your aid.
You regenerate a little health from kills.


Message History

You slash the orc warrior! You freeze the orc warrior.
You kill the orc warrior!
Trog accepts your kill.
You feel a strong urge to attack something.
You completely miss the orc knight. You hit the orc knight.
You freeze the orc knight. You headbutt the orc knight.
The orc knight is lightly wounded.
You slice the orc knight!! You freeze the orc knight.
You headbutt the orc knight!
The orc knight is severely wounded.
The orc knight hits you but does no damage.
You completely miss the orc knight. Your headbutt misses the orc knight.
The orc knight is severely wounded.
Health restored: 117 You closely miss the orc knight.
The orc knight is severely wounded.
You are no longer berserk.
You are exhausted.
You feel yourself slow down. You block the orc knight's attack.
The orc knight roars a battlecry!
The orc knight goes into a battle-frenzy!
You now have 78/78 hp.
You closely miss the orc knight.
The orc knight is severely wounded.
The orc knight hits you with a +0 bardiche!!
You block the orc knight's attack.
You take 23 damage, and have 55/78 hp.
MASSIVE DAMAGE!!
You hit the orc knight. You freeze the orc knight.
You headbutt the orc knight, but do no damage.
The orc knight is almost dead.
The orc knight hits you with a +0 bardiche!!
You block the orc knight's attack.
You take 22 damage, and have 33/78 hp.
MASSIVE DAMAGE!!
You are too injured to fight recklessly!
Really read the scroll of poison?
The air fills with toxic fumes!
As you read the scroll of poison, it crumbles to dust.
The orc knight hits you with a +0 bardiche!!!
Ouch! That really hurt!
You die...

####### ###########
######...§§###§§§§§§§§§§
....#.)))§§§§§§§§§§§§§§§
....'.)#)§§§§§§§@§o§§§§§
....'..))§§§§§§§o§§§§§§§
....'.)#)§§§§§§§§§§§§§§§
....#....§§§§§§§§§§§§§§§
######...§§###§§§§§§§§§§
####### ###########


You could see 2 orc knights.

Vanquished Creatures
  A two-headed ogre (D:9)
  A wyvern (D:9)
  A wraith (D:9)
  13 yaks
  A steam dragon (D:10)
  6 humans (D:8)
  A water moccasin (D:6)
  4 black bears
  3 ice beasts (D:7)
  A sky beast (D:8)
  An ogre (D:4)
  8 orc warriors
  A centaur (D:9)
  A phantom (D:6)
  A kobold brigand (D:6)
  4 gnoll sergeants
  A scorpion (D:4)
  6 bullfrogs
  10 wights
  4 killer bees (D:8)
  2 howler monkeys
  A jelly (D:4)
  5 hounds
  2 gnoll boudas
  An orc priest (D:8)
  Ijyb (D:8)
  3 iguanas
  5 orc wizards
  A statue (D:5)
  33 gnolls
  8 adders
  2 white imps
  A worm (D:3)
  2 dart slugs
  39 orcs
  10 endoplasms
  2 giant cockroaches
  7 goblins
  5 hobgoblins
  12 jackals
  4 kobolds
  4 quokkas
  6 ball pythons
  6 bats
  3 frilled lizards
  3 rats
237 creatures vanquished.

Vanquished Creatures (collateral kills)
  A wight (D:8)
  2 gnolls
  An orc (D:9)
4 creatures vanquished.

Grand Total: 241 creatures vanquished

Notes
Turn   | Place    | Note
-------+----------+-------------------------------------------
     0 | D:1      | Dirtsage the Demonspawn Berserker began the quest for the
                  | Orb.
     0 | D:1      | Reached XP level 1. HP: 18/18 MP: 1/1
    80 | D:1      | Found a faded altar of an unknown god.
   143 | D:1      | Reached skill level 3 in Axes
   214 | D:1      | Gained mutation: You have a pair of small horns on your
                  | head. [demonic ancestry]
   214 | D:1      | Reached XP level 2. HP: 24/24 MP: 2/2
   711 | D:2      | Gained mutation: You regenerate a little health from kills.
                  | [demonic ancestry]
   711 | D:2      | Reached XP level 3. HP: 29/29 MP: 3/3
   877 | D:2      | Reached skill level 4 in Axes
   976 | D:2      | Reached ** piety under Trog
  1312 | D:3      | Found Voiripe's General Store.
  1318 | D:3      | Bought a potion of curing for 42 gold pieces
  1442 | D:3      | Gained mutation: You have a pair of horns on your head.
                  | [demonic ancestry]
  1442 | D:3      | Reached XP level 4. HP: 22/35 MP: 4/4
  2134 | D:4      | Reached skill level 5 in Axes
  2324 | D:4      | Gained mutation: You are partially covered in icy blue
                  | scales. (AC +2) [demonic ancestry]
  2324 | D:4      | Reached XP level 5. HP: 34/41 MP: 5/5
  2689 | D:4      | Reached skill level 6 in Axes
  2728 | D:4      | Reached *** piety under Trog
  2729 | D:4      | Gained mutation: A weak demonic guardian rushes to your
                  | aid. [demonic ancestry]
  2729 | D:4      | Reached XP level 6. HP: 42/47 MP: 6/6
  2835 | D:4      | Reached skill level 7 in Axes
  2886 | D:4      | Gained mutation: You are mostly covered in icy blue scales.
                  | (AC +3) [demonic ancestry]
  2886 | D:4      | Reached XP level 7. HP: 52/52 MP: 7/7
  3238 | D:5      | Entered Level 5 of the Dungeon
  3533 | D:5      | Reached skill level 8 in Axes
  4225 | D:5      | Found a radiant altar of Vehumet.
  4513 | D:6      | Reached skill level 9 in Axes
  4513 | D:6      | Reached XP level 8. HP: 55/58 MP: 8/8
  4968 | D:6      | Reached skill level 10 in Axes
  5579 | D:7      | Reached skill level 11 in Axes
  5659 | D:7      | Gained mutation: A demonic guardian rushes to your aid.
                  | [demonic ancestry]
  5659 | D:7      | Reached XP level 9. HP: 38/63 MP: 9/9
  5853 | D:7      | Found a staircase to the Ecumenical Temple.
  6376 | D:8      | Reached **** piety under Trog
  6468 | D:8      | Reached skill level 12 in Axes
  7049 | D:8      | Noticed Ijyb
  7062 | D:8      | Reached skill level 13 in Axes
  7067 | D:8      | Killed Ijyb
  7070 | D:8      | Gained mutation: You have a pair of large horns on your
                  | head. [demonic ancestry]
  7070 | D:8      | Reached XP level 10. HP: 70/70 MP: 10/10
  7808 | D:9      | Reached skill level 14 in Axes
  7866 | D:9      | Found a broken altar of Ashenzari.
  7923 | D:9      | Identified the amulet "Koekilef" {Acrobat rF- Int+2 SInv
                  | Stlth+}
  8173 | D:9      | Noticed a two-headed ogre
  8179 | D:9      | Killed a two-headed ogre
  8257 | D:9      | Reached skill level 1 in Shields
  8978 | D:10     | Entered Level 10 of the Dungeon
  9001 | D:10     | Found a staircase to the Lair.
  9011 | D:10     | Found a hide-covered altar of Uskayaw.
  9075 | D:10     | Found a flagged portal.
  9090 | Bailey   | Entered a bailey
  9194 | Bailey   | Reached XP level 11. HP: 77/77 MP: 11/11
  9197 | Bailey   | Reached ***** piety under Trog
  9251 | Bailey   | Noticed an orc knight
  9256 | Bailey   | Noticed an orc knight
  9267 | Bailey   | Mangled by an orc knight

Illustrated notes

Levels and vault maps discovered:
D:1:      ebering_trefoil_3fold, layout_loops_ring,
          hellmonk_ecumenical_altar_crossroads
D:2:      layout_loops_cross
D:3:      layout_loops_ring, serial_shops, shop, kennysheep_pointless_box
D:4:      black_bear_nest_2, layout_cave_pods
D:5:      layout_basic, vehumet_statue
D:6:      kb_forest_paths, layout_basic
D:7:      layout_layer_cave, minmay_temple_entry_poolview, chequers_garden
D:8:      erik_cavepeople, layout_loops_ring, grunt_ministairs_6,
          chequers_serial_rivers_small_b, hangedman_abyss_or_decor_lesser_grid
D:9:      layout_basic, nicolae_ashenzari_skybound, general_overflow_altar
D:10:     layout_loops_ring, nicolae_uskayaw_murder_on_the_dancefloor,
          lair_entry_dummy, david_orc_2, enter_bailey_5, uniq_urug
Bailey:   bailey_polearm_5, bailey

Skill      XL: |  1  2  3  4  5  6  7  8  9 10 11 |
---------------+----------------------------------+-----
Axes           | 3 4 5 6 7 9 11 13 14 | 14.8
Shields        | 3 4 |  4.1
Fighting       | 4 |  4.4
Armour         | |  1.7
Dodging        | |  1.7

Action                     |  1- 3 |  4- 6 |  7- 9 | 10-12 || total
---------------------------+-------+-------+-------+-------++-------
  Melee: Hand axe          |   119 |    79 |   281 |   134 ||   613
         Headbutt          |    20 |    11 |    56 |    32 ||   119
         Punch             |     1 |     2 |     2 |       ||     5
 Invoke: Berserk           |       |     3 |     6 |     4 ||    13
    Use: Scroll            |     3 |     6 |       |     8 ||    17
   Stab: Sleeping          |     1 |       |       |       ||     1
         Distracted        |       |       |       |     1 ||     1
 Armour: Animal skin       |     7 |       |       |       ||     7
         Chain mail        |    52 |    35 |   126 |    59 ||   272
  Dodge: Dodged            |    50 |    17 |    62 |    31 ||   160
  Block: Other             |       |    12 |    33 |     5 ||    50
         Reflection        |       |       |     1 |     2 ||     3
         Kite shield       |       |       |       |    74 ||    74

Table legend: (Time is in decaauts)
 A = Elapsed time spent in this place.
 B = Non-inter-level travel time spent in this place.
 C = Inter-level travel time spent in this place.
 D = Time resting spent in this place.
 E = Time spent auto-exploring this place.
 F = Levels seen in this place.
 G = Mean time per level.
                   A        B        C        D        E       F      G
               +--------+--------+--------+--------+--------+-----+--------+
         Total |   9289 |   8858 |    431 |   1158 |   6591 |  11 |  844.5 |
       Dungeon |   9115 |   8684 |    431 |   1107 |   6532 |  10 |  911.5 |
        Bailey |    173 |    173 |      0 |     51 |     59 |   1 |  173.0 |
               +--------+--------+--------+--------+--------+-----+--------+

Top non-repeatable levels by time:
     D:8: 1339 daAuts
     D:5: 1277 daAuts
     D:4: 1226 daAuts
     D:9: 1187 daAuts
     D:7: 1067 daAuts
     D:6: 859 daAuts
     D:3: 774 daAuts
     D:1: 701 daAuts
     D:2: 573 daAuts
  Bailey: 173 daAuts
    D:10: 109 daAuts
